 Dungeon Crawl Stone Soup version 0.29-a0-352-g0917bc69df (webtiles) character file.

Game seed: 12502913494007646278

56 YayAnonymity the Shield-Bearer (level 3, -4/35 HPs)
             Began as a Gnoll Fighter on Apr 24, 2022.
             Slain by an iron imp (9 damage)
             ... summoned by Natasha
             ... on level 2 of the Dungeon.
             The game lasted 00:02:26 (1199 turns).

YayAnonymity the Shield-Bearer (Gnoll Fighter)      Turns: 1199, Time: 00:02:27

Health: -4/35      AC:  7    Str: 15    XL:     3   Next: 95%
Magic:  4/4        EV:  9    Int:  9    God:
Gold:   70         SH:  5    Dex: 11    Spells: 4/4 levels left

rFire   . . .      SeeInvis .   a - +0 flail
rCold   . . .      Faith    .   c - +0 buckler
rNeg    . . .      Spirit   .   b - +0 scale mail
rPois   .          Reflect  .   (no helmet)
rElec   .          Harm     .   (no cloak)
rCorr   .          Rampage  .   (no gloves)
Will    .....                   (no boots)
Stlth   ..........              (no amulet)
HPRegen 0.11/turn               (no ring)
MPRegen 0.09/turn               (no ring)

@: no status effects
A: fangs 1, strong nose, distributed training
a: no special abilities


You were on level 2 of the Dungeon.
You visited 1 branch of the dungeon, and saw 2 of its levels.

You collected 70 gold pieces.

Inventory:

Hand Weapons
 a - a +0 flail (weapon)
Armour
 b - a +0 scale mail (worn)
 c - a +0 buckler (worn)
Scrolls
 e - a scroll of teleportation {unknown}
 f - a scroll of silence {unknown}
 h - a scroll of fear {unknown}
 i - a scroll of holy word {unknown}
Potions
 d - 3 potions of might
 g - a potion of cancellation {unknown}
 j - 3 potions of attraction {unknown}


   Skills:
 + Level 6.5 Fighting
 + Level 1.0 Short Blades
 + Level 1.0 Long Blades
 + Level 1.0 Axes
 + Level 4.6 Maces & Flails
 + Level 1.0 Polearms
 + Level 1.0 Staves
 + Level 1.0 Slings
 + Level 1.0 Bows
 + Level 1.0 Crossbows
 + Level 1.0 Throwing
 + Level 6.5 Armour
 + Level 1.0 Dodging
 + Level 1.0 Stealth
 + Level 6.5 Shields
 + Level 1.0 Unarmed Combat
 + Level 1.0 Spellcasting
 + Level 0.7 Conjurations
 + Level 0.7 Hexes
 + Level 0.7 Summonings
 + Level 0.7 Necromancy
 + Level 0.7 Translocations
 + Level 0.7 Transmutations
 + Level 0.7 Fire Magic
 + Level 0.7 Ice Magic
 + Level 0.7 Air Magic
 + Level 0.7 Earth Magic
 + Level 0.7 Poison Magic
 + Level 1.0 Invocations
 + Level 1.0 Evocations


You had 4 spell levels left.
You didn't know any spells.
Your spell library contained the following spells:

 Spells                   Type           Power      Damage    Failure   Level
 Frozen Ramparts          Ice            2%         1d2       98%         3
 Ice Form                 Ice/Tmut       1%         N/A       100%        4
 Summon Ice Beast         Ice/Summ       1%         N/A       100%        4


Dungeon Overview and Level Annotations

Branches:
Dungeon (2/15)

Altars:

Annotations:
D:2 Natasha


Innate Abilities, Weirdness & Mutations

You have very sharp teeth.
Your uncanny sense of smell can sniff out nearby items.
Your experience applies equally to all skills.


Message History

The iron imp is lightly wounded.
You hit the iron imp but do no damage.
The iron imp is lightly wounded.
The iron imp hits you but does no damage.
You barely miss the iron imp.
The iron imp is lightly wounded.
The iron imp hits you.
* * * LOW HITPOINT WARNING * * *
You completely miss the iron imp.
The iron imp is lightly wounded.
The crimson imp disappears in a puff of smoke!
The iron imp barely misses you.
You sock the iron imp!
You bite the iron imp, but do no damage.
The iron imp is heavily wounded.
You block the iron imp's attack.
You hit the iron imp but do no damage.
The iron imp is heavily wounded.
The iron imp hits you but does no damage.
You hit the iron imp but do no damage.
The iron imp is heavily wounded.
Natasha mumbles some strange words.
The iron imp hits you but does no damage.
You barely miss the iron imp.
The iron imp is heavily wounded.
You hit the iron imp. Your bite misses the iron imp.
The iron imp is severely wounded.
The iron imp hits you but does no damage.
You closely miss the iron imp.
You bite the iron imp, but do no damage.
The iron imp is severely wounded.
The iron imp closely misses you.
You hit the iron imp but do no damage.
The iron imp is severely wounded.
The white imp disappears in a puff of smoke!
The iron imp hits you but does no damage.
You completely miss the iron imp.
The iron imp is severely wounded.
The iron imp hits you!
You die...

...# #....≈≈≈ #..# #...≈≈≈P
# #..# ###...≈≈≈≈ .
#.##..###.....P≈≈≈ ..#
#.......+....≈≈≈≈≈
....#########.)###....P.P≈≈
.............#..........≈≈≈
[....#...###.#.#######.≈P≈≈
........h5@...>... ..≈≈≈≈
........5###.##### #..≈≈≈
....#....# #... ∆ .≈P≈≈ ...
#....# ##### ≈≈≈≈ ## #....#
∆ #....# #....# #.####


You could see 2 iron imps and Natasha.

Vanquished Creatures
  Natasha (D:2)
  4 ball pythons
  4 bats
  6 endoplasms
  A giant cockroach (D:1)
  4 goblins
  A kobold (D:1)
  2 quokkas (D:1)
  2 frilled lizards
25 creatures vanquished.

Vanquished Creatures (others)
  2 ghouls (D:1)
  2 demonspawn (D:1)
  A draconian (D:1)
  An octopode (D:1)
  A vine stalker (D:1)
  An elf (D:1)
  2 merfolk (D:1)
  A troll (D:1)
  A naga (D:1)
  An ogre (D:1)
  A felid (D:1)
  A gnoll (D:1)
  3 plants (D:2)
  4 tentacles (D:1)
22 creatures vanquished.

Grand Total: 47 creatures vanquished

Notes
Turn   | Place    | Note
-------+----------+-------------------------------------------
     0 | D:1      | YayAnonymity the Gnoll Fighter began the quest for the Orb.
     0 | D:1      | Reached XP level 1. HP: 23/23 MP: 1/1
     2 | D:1      | Noticed a merfolk
     2 | D:1      | Noticed a demonspawn
     2 | D:1      | Noticed a naga
     2 | D:1      | Noticed an octopode
     2 | D:1      | Noticed a draconian
     2 | D:1      | Noticed a merfolk
     2 | D:1      | Noticed a felid
     2 | D:1      | Noticed a vine stalker
     2 | D:1      | Noticed an elf
     2 | D:1      | Noticed a kraken
     2 | D:1      | Noticed an ogre
     2 | D:1      | Noticed a ghoul
     2 | D:1      | Noticed a troll
     2 | D:1      | Noticed a ghoul
     2 | D:1      | Noticed a demonspawn
     4 | D:1      | Killed a merfolk
     7 | D:1      | Killed an ogre
     7 | D:1      | Killed a felid
     8 | D:1      | Killed an octopode
     8 | D:1      | Killed a vine stalker
     9 | D:1      | Killed a merfolk
    10 | D:1      | Killed a naga
    10 | D:1      | Killed a troll
    11 | D:1      | Killed a draconian
    14 | D:1      | Killed an elf
    15 | D:1      | Killed a demonspawn
    17 | D:1      | Killed a ghoul
    18 | D:1      | Killed a ghoul
    20 | D:1      | Killed a demonspawn
   187 | D:1      | Reached XP level 2. HP: 29/29 MP: 2/2
   985 | D:2      | Reached XP level 3. HP: 35/35 MP: 3/3
   991 | D:2      | Noticed Natasha
  1027 | D:2      | Killed Natasha
  1028 | D:2      | Reached skill level 1 in Short Blades
  1028 | D:2      | Reached skill level 1 in Long Blades
  1028 | D:2      | Reached skill level 1 in Axes
  1028 | D:2      | Reached skill level 1 in Polearms
  1028 | D:2      | Reached skill level 1 in Staves
  1028 | D:2      | Reached skill level 1 in Slings
  1028 | D:2      | Reached skill level 1 in Bows
  1028 | D:2      | Reached skill level 1 in Crossbows
  1028 | D:2      | Reached skill level 1 in Throwing
  1028 | D:2      | Reached skill level 1 in Dodging
  1028 | D:2      | Reached skill level 1 in Stealth
  1028 | D:2      | Reached skill level 1 in Unarmed Combat
  1028 | D:2      | Reached skill level 1 in Spellcasting
  1028 | D:2      | Reached skill level 1 in Invocations
  1028 | D:2      | Reached skill level 1 in Evocations
  1172 | D:2      | Noticed Natasha
  1199 | D:2      | Slain by an iron imp

Illustrated notes

Levels and vault maps discovered:
D:1:      nicolae_arrival_kraken_aquarium_b, layout_basic
D:2:      layout_basic, dreamdust_ecumenical_altar_statues, chequers_big_river,
          uniq_sigmund, uniq_natasha

Skill      XL: |  1  2  3 |
---------------+----------+-----
Short Blades   | 1 |  1.0
Long Blades    | 1 |  1.0
Axes           | 1 |  1.0
Polearms       | 1 |  1.0
Staves         | 1 |  1.0
Slings         | 1 |  1.0
Bows           | 1 |  1.0
Crossbows      | 1 |  1.0
Throwing       | 1 |  1.0
Dodging        | 1 |  1.0
Stealth        | 1 |  1.0
Unarmed Combat | 1 |  1.0
Spellcasting   | 1 |  1.0
Invocations    | 1 |  1.0
Evocations     | 1 |  1.0
Fighting       | |  6.5
Maces & Flails | |  4.6
Armour         | |  6.5
Shields        | |  6.5
Conjurations   | |  0.7
Hexes          | |  0.7
Summonings     | |  0.7
Necromancy     | |  0.7
Translocations | |  0.7
Transmutations | |  0.7
Fire Magic     | |  0.7
Ice Magic      | |  0.7
Air Magic      | |  0.7
Earth Magic    | |  0.7
Poison Magic   | |  0.7

Action                   || total
-------------------------++-------
Melee: Flail             ||    82
       Bite              ||    10
Armor: Scale mail        ||    35
Dodge: Dodged            ||    26
Block: Buckler           ||    23

Table legend: (Time is in decaauts)
 A = Elapsed time spent in this place.
 B = Non-inter-level travel time spent in this place.
 C = Inter-level travel time spent in this place.
 D = Time resting spent in this place.
 E = Time spent auto-exploring this place.
 F = Levels seen in this place.
 G = Mean time per level.
                   A        B        C        D        E       F      G
               +--------+--------+--------+--------+--------+-----+--------+
         Total |   1216 |   1179 |     37 |      0 |    975 |   2 |  608.0 |
       Dungeon |   1216 |   1179 |     37 |      0 |    975 |   2 |  608.0 |
               +--------+--------+--------+--------+--------+-----+--------+

Top non-repeatable levels by time:
     D:1: 874 daAuts
     D:2: 342 daAuts
